 Dungeon Crawl Stone Soup version 0.20-a0-893-g832831a (webtiles) character file.

23 4thArraOfDagon the Skirmisher (level 2, -3/24 HPs)
             Began as a Mummy Chaos Knight on Mar 17, 2017.
             Slain by a gnoll
             ... wielding a +0 spear
              (6 damage)
             ... on level 5 of the Dungeon.
             The game lasted 00:01:36 (326 turns).

4thArraOfDagon the Skirmisher (Mummy Chaos Knight)   Turns: 326, Time: 00:01:37

Health: -3/24      AC:  5    Str: 15    XL:     2   Next: 75%
Magic:  2/2        EV: 11    Int: 11    God:    Xom [..*...]
Gold:   42         SH:  0    Dex: 11    Spells: 1/1 levels left

rFire    x . .     SeeInvis .   a - +0 spear (chaos)
rCold    + . .     Gourm    .   b - +2 leather armour
rNeg     + + +     Faith    .   (no shield)
rPois    ∞         Spirit   .   (no helmet)
rElec    .         Reflect  .   (no cloak)
rCorr    .         Harm     .   (no gloves)
MR       .....                  (no boots)
Stlth    +.........             (no amulet)
Regen    0.1/turn               (no ring)
MPRegen  0.1/turn               (no ring)

@: no status effects
A: no food or potions, fire vulnerability, cold resistance 1, negative energy
resistance 3, torment resistance, unbreathing
a: Renounce Religion


You were on level 5 of the Dungeon.
You worshipped Xom.
You were a toy of Xom.
You were not hungry.

You visited 1 branch of the dungeon, and saw 5 of its levels.

You collected 42 gold pieces.

Inventory:

Hand Weapons
 a - a +0 spear of chaos (weapon)
Armour
 b - a +2 leather armour (worn)
Wands
 c - a wand of flame (32/48)


   Skills:
 - Level 3.0 Fighting
 * Level 2.8 Polearms
 + Level 2.1 Armour
 + Level 1.0 Dodging


You had one spell level left.
You didn't know any spells.

Dungeon Overview and Level Annotations

Branches:
Dungeon (5/15)
 Temple: D:4-7

Altars:
Ashenzari
Ru


Innate Abilities, Weirdness & Mutations

You do not eat or drink.
Your flesh is vulnerable to fire.
You are immune to poison.
Your flesh is cold resistant. (rC+)
You are immune to negative energy. (rN+++)
You are immune to unholy pain and torment.
You can survive without breathing.


Message History

The centaur shouts!
The centaur wields a shortbow.
The centaur shoots an arrow.
The arrow hits you.
* * * LOW HITPOINT WARNING * * *
A shower of butterflies erupts from you!
The hound bites your butterfly.
Your butterfly dies!
You see here an arrow.
Unknown command.
You swap places.
The gnoll completely misses your butterfly.
Unknown command.
Unknown command.
The gnoll hits your butterfly with a club.
Your butterfly dies!
Unknown command.
Unknown command.
Unknown command.
The gnoll hits you from afar with a spear.
You die...
Xom is highly amused!

..#.......##......#####..
#........##.##.......## .#
#.....##.........##!.## #
#.....##...............
#.....#..........##.... .
............!..........##.
#...#.........##.....#...#
##........>...##.... ..#..
#...h#...@....... .. #....
#..#.#.g......##. . ###..
###..#.###bb..##... #..
#......(.g....# .#. ##.
#####.bc#####....# #.
#..... ..... ... #..##...
...#.. #.#. .... ##.#.
...# . .... p ..... .###
... ###


You could see 2 gnolls.

Vanquished Creatures
  An adder (D:2)
  An adder skeleton (D:4)
  A leopard gecko (D:1)
  A goblin (D:1)
  2 hobgoblins (D:1)
  A kobold (D:2)
  3 bats
  A frilled lizard (D:1)
11 creatures vanquished.

Notes
Turn   | Place    | Note
-------+----------+-------------------------------------------
     0 | D:1      | 4thArraOfDagon the Mummy Chaos Knight began the quest for the Orb.
     0 | D:1      | Reached XP level 1. HP: 18/18 MP: 1/1
     1 | D:1      | XOM: harmless Chrm miscast
     6 | D:1      | Noticed a crocodile
     6 | D:1      | Noticed a four-headed hydra
     6 | D:1      | Noticed a water moccasin
   146 | D:2      | Reached skill level 1 in Dodging
   146 | D:2      | Reached XP level 2. HP: 18/24 MP: 2/2
   179 | D:3      | Found a shattered altar of Ashenzari.
   254 | D:5      | Entered Level 5 of the Dungeon
   254 | D:5      | Noticed a sky beast
   254 | D:5      | XOM: mild Erth miscast
   287 | D:5      | Found a sacrificial altar of Ru.
   295 | D:5      | Noticed a crimson imp
   299 | D:5      | XOM: divination: detect items
   305 | D:5      | XOM: harmless Conj miscast
   318 | D:5      | XOM: divination: detect creatures
   321 | D:5      | Noticed a centaur
   321 | D:5      | XOM: butterfly on damage
   326 | D:5      | Slain by a gnoll

Vault maps used:
D:1:      onia_arrival_zoo_common, serial_corexii_hall, corexii_hall_statues_i,
          corexii_hall_statues_deadend
D:3:      wad_lake_hut, cheibrodos_ashenzari_chains, overflow_temple_1_default,
          first_bread, uniq_jessica, uniq_iyjb
D:5:      basic_altar, minmay_misc_feat_roman, uniq_edmund

Skill      XL: |  1 |
---------------+----+-----
Armour         | 2 |  2.1
Dodging        | 1 |  1.0
Fighting       | |  3.0
Polearms       | |  2.8

Action                   || total
-------------------------++-------
Melee: Spear             ||    37
  Use: Scroll            ||     1
 Stab: Sleeping          ||     1
Armor: Leather armour    ||    14
Dodge: Dodged            ||    22
